 Dungeon Crawl Stone Soup version 0.27.1-33-g824d729ab1 (webtiles) character file.

Game seed: 14051510850790773281

614 vvvv the Chopper (level 7, -3/67 HPs)
             Began as a Troll Fighter on Nov 24, 2021.
             Was a Priest of Kikubaaqudgha.
             Slain by a bullfrog zombie (4 damage)
             ... on level 5 of the Dungeon.
             The game lasted 01:07:07 (5078 turns).

vvvv the Chopper (Troll Fighter)                    Turns: 5078, Time: 01:07:07

Health: -3/67      AC:  4    Str: 26    XL:     7   Next: 20%
Magic:  6/6        EV:  8    Int:  5    God:    Kikubaaqudgha [***...]
Gold:   212        SH:  9    Dex:  9    Spells: 0/6 levels left

rFire    . . .     SeeInvis +   o - +1 hand axe (elec)
rCold    . . .     Faith    .   c - +0 kite shield
rNeg     . . .     Spirit   .   b - +0 robe
rPois    .         Reflect  .   (helmet restricted)
rElec    .         Harm     .   (no cloak)
rCorr    .         Rampage  .   (gloves unavailable)
Will     .....                  (boots unavailable)
Stlth    +.........             (no amulet)
HPRegen  1.21/turn              n - ring of see invisible
MPRegen  0.10/turn              (no ring)

@: no status effects
A: large, unfitting armour, claws 3, regeneration 1, shaggy fur 1, tough skin 1
a: Renounce Religion, Receive Corpses


You were on level 5 of the Dungeon.
You worshipped Kikubaaqudgha.
Kikubaaqudgha was most pleased with you.
You visited 2 branches of the dungeon, and saw 6 of its levels.

You collected 212 gold pieces.

Inventory:

Hand Weapons
 a - a +1 war axe
 k - a +0 rapier
 o - a +1 hand axe of electrocution (weapon)
 p - a +0 war axe
Missiles
 h - 27 bolts
 j - 49 arrows
 r - 7 poisoned darts
 s - 3 large rocks (quivered)
Armour
 b - a +0 robe (worn)
 c - a +0 kite shield (worn)
 i - a +0 leather armour
Jewellery
 n - a ring of see invisible (left claw)
Scrolls
 f - a scroll of noise
 t - a scroll of immolation
 u - 2 scrolls of fog
Potions
 d - 3 potions of might
 e - 2 potions of lignification
 g - a potion of degeneration {unknown}
 l - 3 potions of cancellation
 m - a potion of flight
 q - a potion of heal wounds {unknown}


   Skills:
 + Level 3.6 Fighting
 + Level 3.9 Axes
 + Level 3.7 Dodging
 + Level 0.8 Stealth
 + Level 3.6 Shields
 + Level 0.1 Spellcasting
 * Level 1.3 Necromancy


You couldn't memorise any spells.
You knew the following spells:

 Your Spells              Type           Power      Damage    Failure   Level
a - Pain                  Necr           4%         1d4       71%         1
b - Corpse Rot            Necr/Air       N/A        N/A       89%         2
c - Vampiric Draining     Necr           0%         2d6       97%         3

Your spell library contained the following spells:

 Spells                   Type           Power      Damage    Failure   Level
 Sublimation of Blood     Necr           0%         N/A       83%         2
 Dispel Undead            Necr           1%         3d6       100%        4
 Agony                    Necr           1%         N/A       100%        5
 Excruciating Wounds      Necr           0%         N/A       100%        5
 Death Channel            Necr           0%         N/A       100%        6
 Simulacrum               Ice/Necr       0%         N/A       100%        6


Dungeon Overview and Level Annotations

Branches:
Dungeon (5/15)             Temple (1/1) D:5

Altars:
Ashenzari
Cheibriados
Fedhas
Gozag
Hepliaklqana
Kikubaaqudgha
Makhleb
Okawaru
Qazlal
Sif Muna
Trog
Vehumet
Wu Jian
Xom
Yredelemnul
Zin


Innate Abilities, Weirdness & Mutations

You are too large for most types of armour.
You have claws for hands.
Your natural rate of healing is unusually fast.
You are covered in fur. (AC +1)
You have tough skin. (AC +1)


Message History

The two-headed ogre closely misses you.
The two-headed ogre hits you with a +0 giant spiked club!
You hit the two-headed ogre.
Lightning courses through the two-headed ogre!
The two-headed ogre is moderately wounded.
You block the two-headed ogre's attack.
The two-headed ogre hits you with a +0 giant spiked club!
You barely miss the two-headed ogre.
The two-headed ogre is moderately wounded.
You block the two-headed ogre's attack.
The two-headed ogre hits you with a +0 giant spiked club!
As you read the scroll of fog, it crumbles to dust.
The scroll dissolves into smoke.
You block the two-headed ogre's attack.
The two-headed ogre hits you with a +0 giant spiked club!!
* * * LOW HITPOINT WARNING * * *
Your magical contamination has completely faded away.
A bullfrog zombie comes into view.
Found a book of Alchemy and 9 gold pieces.
The bullfrog zombie barely misses you. You block the bullfrog zombie's attack.
As you read the scroll of fog, it crumbles to dust.
The scroll dissolves into smoke.
The two-headed ogre hits you with a +0 giant club!
* * * LOW HITPOINT WARNING * * *
The two-headed ogre barely misses you. You block the bullfrog zombie's attack.
You block the bullfrog zombie's attack.
Found a scroll of enchant weapon.
You see here a book of Alchemy.
The bullfrog zombie hits you but does no damage.
The bullfrog zombie barely misses you.
You hear the quick rusting of a very distant drain.
You block the bullfrog zombie's attack. You block the bullfrog zombie's attack.
The bullfrog zombie hits you. The bullfrog zombie barely misses you.
The two-headed ogre hits you with a +0 giant club!
The two-headed ogre hits you with a +0 giant spiked club!!
* * * LOW HITPOINT WARNING * * *
The bullfrog zombie hits you.
You die...
Kikubaaqudgha rasps: "You have failed me!
Welcome... death!"

###..## # ##(...#. . #..##...#.
##### #.######.. ###...####.
#..####..# ##.......##.#
#........#
##.........#.####..#...>..
##...................#.....
##........Z@....#####.##.##.
##.........O.....## ##.#####
##.................# #..###.
#................#.# ###.#....
##................#.###...#####
#................##..#.....## #
#................###§#§§....###
#...............## #§§§§.....#.
##..............# #§.§§.......


You could see a two-headed ogre and a bullfrog zombie.

Vanquished Creatures
  A kobold brigand (D:4)
  A water moccasin zombie (D:5)
  A scorpion (D:5)
  A centaur zombie (D:5)
  2 bullfrog zombies (D:5)
  A hound (D:4)
  A gnoll shaman (D:4)
  2 iguanas (D:4)
  A hound skeleton (D:4)
  6 gnolls
  2 adders
  An adder skeleton (D:4)
  2 worms (D:2)
  3 dart slugs
  13 orcs
  6 ball pythons
  4 bats
  7 endoplasms
  3 giant cockroaches
  12 goblins
  13 hobgoblins
  8 jackals
  7 quokkas
  3 frilled lizards
  4 kobolds
  3 rats
108 creatures vanquished.

Vanquished Creatures (others)
  44 plants
  12 withered plants
56 creatures vanquished.

Grand Total: 164 creatures vanquished

Notes
Turn   | Place    | Note
-------+----------+-------------------------------------------
     0 | D:1      | vvvv the Troll Fighter began the quest for the Orb.
     0 | D:1      | Reached XP level 1. HP: 22/22 MP: 0/0
    85 | D:1      | Reached XP level 2. HP: 29/29 MP: 1/1
   395 | D:1      | Found a faded altar of an unknown god.
   433 | D:1      | Became a worshipper of Kikubaaqudgha
   433 | D:1      | Reached * piety under Kikubaaqudgha
   433 | D:1      | Received a gift from Kikubaaqudgha
   544 | D:1      | Reached XP level 3. HP: 36/36 MP: 2/2
  1395 | D:2      | Reached XP level 4. HP: 41/44 MP: 3/3
  1562 | D:2      | Reached ** piety under Kikubaaqudgha
  2662 | D:3      | Reached XP level 5. HP: 53/53 MP: 4/4
  3593 | D:4      | Learned a level 1 spell: Pain
  3691 | D:4      | Reached XP level 6. HP: 61/61 MP: 3/5
  3955 | D:4      | Learned a level 2 spell: Corpse Rot
  4552 | D:5      | Entered Level 5 of the Dungeon
  4586 | D:5      | Noticed an orc warrior
  4629 | D:5      | Reached skill level 1 in Necromancy
  4629 | D:5      | Reached XP level 7. HP: 35/67 MP: 6/6
  4630 | D:5      | Reached *** piety under Kikubaaqudgha
  4630 | D:5      | Received a gift from Kikubaaqudgha
  4635 | D:5      | Learned a level 3 spell: Vampiric Draining
  4667 | D:5      | Found a staircase to the Ecumenical Temple.
  4680 | Temple   | Entered the Ecumenical Temple
  5035 | D:5      | Noticed a two-headed ogre
  5078 | D:5      | HP: 1/67 [two-headed ogre (20)]
  5078 | D:5      | Slain by a bullfrog zombie

Illustrated notes

Levels and vault maps discovered:
D:1:      mainiacjoe_arrival_reflecting_pool, layout_loops_ring,
          shapermc_ecumenical_altar_flowoftime
D:2:      layout_basic
D:3:      layout_rooms
D:4:      layout_layer_cave, dk_vineyard_3, roderic_serpentine_path,
          serial_bayou_lagoon_a
D:5:      layout_cave_pods, minmay_temple_entry_wispy,
          lightli_sewer_entry_pipes, serial_undead, serial_undead_c,
          serial_undead_f, serial_undead_c, serial_undead_a
Temple:   regret_index_temple_sphere_string

Skill      XL: |  1  2  3  4  5  6 |
---------------+-------------------+-----
Axes           | 2 3 |  3.9
Dodging        | 3 |  3.7
Fighting       | 3 |  3.6
Shields        | 3 |  3.6
Necromancy     | 1 |  1.3
Stealth        | |  0.8
Spellcasting   | |  0.1

Action                   |  1- 3 |  4- 6 |  7- 9 || total
-------------------------+-------+-------+-------++-------
Melee: War axe           |   129 |    80 |       ||   209
       Hand axe          |       |   130 |    17 ||   147
Throw: Throwing net      |       |     1 |       ||     1
       Large rock        |       |     1 |       ||     1
 Cast: Pain              |       |     1 |     1 ||     2
Invok: Receive Corpses   |       |     2 |       ||     2
  Use: Potion            |     1 |       |     1 ||     2
       Scroll            |     4 |     7 |     3 ||    14
 Stab: Sleeping          |     1 |     1 |       ||     2
       Distracted        |       |     1 |       ||     1
Armor: Robe              |    32 |    41 |     8 ||    81
Dodge: Dodged            |    39 |    65 |     8 ||   112
Block: Kite shield       |    53 |    90 |    16 ||   159
